 Dungeon Crawl Stone Soup version 0.29.1-14-g9c671dbff4 (webtiles) character file.

Game seed: 6925777574875852699

4081 Buffaloe the Ducker (level 10, -7/100 HPs)
             Began as a Troll Fighter on Feb 16, 2023.
             Was a Follower of Okawaru.
             Mangled by a gargoyle
             ... wielding a +0 mace
              (17 damage)
             ... in a bailey on Feb 17, 2023.
             The game lasted 00:23:50 (7531 turns).

Buffaloe the Ducker (Troll Fighter)                 Turns: 7531, Time: 00:23:50

Health: -7/100     AC:  8    Str: 32    XL:     10   Next: 5%
Magic:  7/9        EV: 13    Int:  4    God:    Okawaru [*.....]
Gold:   545        SH: 11    Dex: 13    Spells: 9/9 levels left

rFire   . . .      SeeInvis .   C - +2 whip (venom)
rCold   . . .      Faith    .   b - +0 kite shield
rNeg    . . .      Spirit   .   a - +0 robe
rPois   +          Reflect  .   D - +2 hat
rElec   .          Harm     .   K - +1 cloak
rCorr   .          Rampage  .   (gloves unavailable)
Will    .....                   (boots unavailable)
Stlth   +++.......              (no amulet)
HPRegen 1.06/turn               s - +6 ring of strength
MPRegen 0.11/turn               v - ring of poison resistance

@: heroic
A: large, unfitting armour, claws 3, regeneration 1, shaggy fur 1, tough skin 1
a: Renounce Religion, Heroism


You were in a bailey.
You worshipped Okawaru.
Okawaru was aware of your devotion.
You visited 2 branches of the dungeon, and saw 9 of its levels.
You also visited: Sewer, Ossuary and Bailey.

You collected 831 gold pieces.
You spent 286 gold pieces at shops.

Inventory:

Hand Weapons
 p - a +0 battleaxe
 C - a +2 whip of venom (weapon)
 G - a +0 giant spiked club
Missiles
 g - a throwing net (quivered)
Armour
 a - a +0 robe (worn)
 b - a +0 kite shield (worn)
 D - a +2 hat (worn)
 K - a +1 cloak (worn)
Jewellery
 s - a +6 ring of strength (left claw)
 v - a ring of poison resistance (right claw)
 J - an amulet of magic regeneration
Wands
 i - a wand of iceblast (9)
Scrolls
 d - 5 scrolls of teleportation
 e - 2 scrolls of butterflies
 f - 2 scrolls of silence
 h - a scroll of enchant weapon {unknown}
 j - a scroll of enchant armour {unknown}
 k - 2 scrolls of poison
 l - 2 scrolls of summoning {unknown}
 o - 2 scrolls of identify
 x - a scroll of acquirement {unknown}
 y - 3 scrolls of amnesia
 E - 3 scrolls of fear
 H - 2 scrolls of magic mapping
Potions
 c - a potion of might
 m - 2 potions of brilliance
 n - 5 potions of curing
 t - 2 potions of resistance {unknown}
 w - 3 potions of cancellation
 z - 2 potions of flight {unknown}
 A - a potion of haste {unknown}
 B - a potion of lignification {unknown}
 F - 2 potions of mutation
 I - a potion of magic {unknown}


   Skills:
 + Level 6.5(11.5) Fighting
 * Level 4.7(9.7) Maces & Flails
 + Level 6.6(11.6) Dodging
 - Level 6.2(11.2) Shields
 - Level 6.4(11.4) Unarmed Combat


You had 9 spell levels left.
You didn't know any spells.
Your spell library contained the following spells:

 Spells                   Type           Power      Damage    Failure   Level
 Freeze                   Ice            0%         1d3       71%         1
 Magic Dart               Conj           0%         1d3       71%         1
 Frozen Ramparts          Ice            0%         1d1       97%         3
 Mephitic Cloud           Conj/Pois/Air  0%         N/A       97%         3
 Ozocubu's Armour         Ice            0%         N/A       97%         3
 Hailstorm                Conj/Ice       0%         3d3       100%        4
 Ozocubu's Refrigeration  Ice            0%         4d7       100%        7
 Call Imp                 Summ           Unusable   N/A       N/A         2

Dungeon Overview and Level Annotations

Branches:
Dungeon (8/15)             Temple (1/1) D:6           Sewer (visited)
Ossuary (visited)          Bailey (1/1)
   Lair: D:8-11

Altars:
Ashenzari
Cheibriados
Dithmenos
Gozag
Hepliaklqana
Kikubaaqudgha
Makhleb
Nemelex Xobeh
Okawaru
Ru
Sif Muna
Trog
Uskayaw
Vehumet
Wu Jian
Xom
Yredelemnul
Zin
The Shining One

Shops:
D:7 ?

Annotations:
D:5 2 transporters, Kirpich's ghost, amateur PaWr
D:6 1 runed translucent door, kalagan's ghost, novice DECj


Innate Abilities, Weirdness & Mutations

You are too large for most types of armour.
You have claws for hands.
Your natural rate of healing is unusually fast.
You are covered in fur. (AC +1)
You have tough skin. (AC +1)


Message History

You hit the gargoyle.
The gargoyle is severely damaged.
The gargoyle hurls a stone arrow at you.
The stone arrow misses you.
You hit the gargoyle but do no damage.
The gargoyle is severely damaged.
The orc warrior zombie hits you from afar with a +0 halberd!
The orc warrior zombie misses you. The gargoyle barely misses you.
You hit the gargoyle but do no damage.
The gargoyle is severely damaged.
The gargoyle hurls a stone arrow at you.
You block the stone arrow.
The orc warrior zombie closely misses you.
The orc warrior zombie hits you from afar with a +0 halberd!
* * * LOW HITPOINT WARNING * * *
The gargoyle attacks as you move away! The gargoyle misses you.
The gargoyle hurls a stone arrow at you.
You block the stone arrow.
The gargoyle hurls a stone arrow at you.
You block the stone arrow.
The gargoyle hurls a stone arrow at you.
The stone arrow misses you.
Okay, then.
You see here a +0 spear.
You gain the combat prowess of a mighty hero.
The gargoyle hits you with a +0 mace!
You block the orc warrior zombie's attack.
The orc warrior zombie completely misses you.
You barely miss the gargoyle.
The gargoyle is heavily damaged.
The gargoyle hits you with a +0 mace!
* * * LOW HITPOINT WARNING * * *
You hit the gargoyle but do no damage.
The gargoyle is heavily damaged.
The orc warrior zombie hits you from afar with a +0 halberd!
* * * LOW HITPOINT WARNING * * *
The orc warrior zombie closely misses you.
You block the gargoyle's attack.
You feel better. The gargoyle hits you with a +0 mace!
You die...

+.≈≈ #.≈≈ ##...♣..#
#.≈≈ ......♣.# #.≈≈##
♣...♣...# #.≈≈.##
.....♣..# #.≈≈..####
.♣......+ #.≈≈..#..##
....♣...# #.≈≈......#
....♣..#########@..∩.#
............).Z9.....#
...............Z.....#
.).....#########...∩.#
............# ≈......#
.##)#...)...#≈≈..#..##
##).#.......#≈≈..####
+..#########≈≈.## ####
♣≈≈#


You could see a gargoyle and 2 orc warrior zombies.

Vanquished Creatures
  A human (D:7)
  Menkaure (D:6)
  A sky beast (D:6)
  Pargi (Sewer)
  3 ice beasts
  5 black bears
  4 ogres
  A centaur (D:5)
  2 bullfrogs
  A gnoll sergeant (D:6)
  15 scorpions
  2 necrophages (D:6)
  3 wights
  A howler monkey (D:6)
  3 centaur zombies (Ossuary)
  A jelly (D:7)
  An orc priest (D:5)
  7 hounds
  2 human zombies (Ossuary)
  7 orc wizards
  Natasha (twice) (D:2)
  2 iguanas
  2 scorpion zombies (Ossuary)
  3 mummies (Ossuary)
  6 adders
  14 gnolls
  A shadow imp (D:7)
  2 white imps (D:7)
  An ufetubus (D:3)
  4 worms
  A dart slug (D:4)
  21 orcs
  10 endoplasms
  5 giant cockroaches
  2 gnoll zombies (Ossuary)
  9 goblins
  7 hobgoblins
  7 kobolds
  5 quokkas
  11 ball pythons
  9 bats
  A frilled lizard (D:3)
  A goblin zombie (Ossuary)
  3 hobgoblin zombies (Ossuary)
  2 kobold zombies (Ossuary)
  8 orc zombies
  3 rats
204 creatures vanquished.

Notes
Turn   | Place    | Note
-------+----------+-------------------------------------------
     0 | D:1      | Buffaloe the Troll Fighter began the quest for the Orb.
     0 | D:1      | Reached XP level 1. HP: 22/22 MP: 0/0
   190 | D:1      | Reached XP level 2. HP: 29/29 MP: 1/1
   437 | D:2      | Reached XP level 3. HP: 34/36 MP: 2/2
  1007 | D:2      | Reached XP level 4. HP: 44/44 MP: 3/3
  1016 | D:2      | Noticed Natasha
  1021 | D:2      | Killed Natasha
  1145 | D:2      | Noticed Natasha
  1149 | D:2      | Killed Natasha
  1229 | D:3      | Found a glowing drain.
  1251 | Sewer    | Entered a sewer
  1284 | Sewer    | Noticed Pargi
  1305 | Sewer    | Killed Pargi
  1306 | Sewer    | Reached XP level 5. HP: 52/53 MP: 4/4
  1611 | D:3      | Found a faded altar of an unknown god.
  2157 | D:4      | Found a sand-covered staircase.
  2165 | Ossuary  | Entered an ossuary
  2180 | Ossuary  | Reached XP level 6. HP: 55/61 MP: 5/5
  2264 | Ossuary  | Reached XP level 7. HP: 66/68 MP: 6/6
  2585 | Ossuary  | Reached skill level 5 in Unarmed Combat
  2600 | Ossuary  | Reached skill level 5 in Shields
  2600 | Ossuary  | Reached XP level 8. HP: 67/79 MP: 7/7
  3351 | D:4      | Reached skill level 5 in Dodging
  3356 | D:4      | Reached skill level 5 in Fighting
  3737 | D:5      | Entered Level 5 of the Dungeon
  3743 | D:5      | Noticed a hornet
  3981 | D:5      | Found a transporter.
  3983 | D:5      | Found a transporter.
  4236 | D:5      | Reached XP level 9. HP: 64/88 MP: 8/8
  4658 | D:5      | Noticed Kirpich's ghost (amateur PaWr)
  4812 | D:5      | Found a glowing silver altar of Zin.
  4812 | D:5      | Found an ornate altar of the Wu Jian Council.
  4829 | D:5      | Found a faded altar of an unknown god.
  4844 | D:5      | Found an opulent altar of Gozag.
  4846 | D:5      | Found a hazy altar of Hepliaklqana.
  4890 | D:5      | Reached skill level 1 in Maces & Flails
  4992 | D:6      | Found a staircase to the Ecumenical Temple.
  5037 | Temple   | Entered the Ecumenical Temple
  5061 | Temple   | Became a worshipper of Warmaster Okawaru
  5129 | D:6      | You fall into a shaft and drop 1 floor!
  5288 | D:6      | Noticed kalagan's ghost (novice DECj)
  5297 | D:6      | Found a runed translucent door.
  5429 | D:6      | Found a shimmering altar of Xom.
  5715 | D:6      | Noticed Menkaure
  5722 | D:6      | Killed Menkaure
  5912 | D:7      | Found a runed translucent door.
  5932 | D:7      | Found a basalt altar of Yredelemnul.
  5948 | D:7      | Reached * piety under Okawaru
  6542 | D:7      | Reached XP level 10. HP: 77/100 MP: 9/9
  6681 | D:7      | Found Tinetearr's Magic Scroll Shoppe.
  6686 | D:7      | Bought a scroll of identify for 26 gold pieces
  6686 | D:7      | Bought a scroll of identify for 26 gold pieces
  6686 | D:7      | Bought a scroll of amnesia for 52 gold pieces
  6686 | D:7      | Bought a scroll of immolation for 52 gold pieces
  6686 | D:7      | Bought a scroll of vulnerability for 52 gold pieces
  6686 | D:7      | Bought a scroll of teleportation for 39 gold pieces
  6698 | D:7      | Bought a scroll of teleportation for 39 gold pieces
  6903 | D:7      | Found an ancient bone altar of Kikubaaqudgha.
  6917 | D:7      | Found a radiant altar of Vehumet.
  6935 | D:7      | Found a shimmering blue altar of Sif Muna.
  7428 | D:8      | Found a flagged portal.
  7455 | Bailey   | Entered a bailey
  7491 | Bailey   | Noticed a gargoyle
  7530 | Bailey   | HP: 4/100 [orc warrior zombie/+0 halberd (14)]
  7531 | Bailey   | Mangled by a gargoyle

Illustrated notes

Levels and vault maps discovered:
D:1:      wander_arrival_lonely_grave, layout_basic
D:2:      layout_basic, chequers_avenue, chequers_serial_rivers_micro_c,
          kennysheep_small_spiral, minmay_pentomino_x4, uniq_natasha
D:3:      layout_loops_ring, cheibrodos_sewer_entry_drain,
          dreamdust_ecumenical_altar_sealed_demon, hangedman_decor_opposing
D:4:      minmay_polygon_palace, layout_basic, enter_ossuary_1
D:5:      layout_loops_corners, chequers_temple_overflow_minitemple,
          gammafunk_ghost_hive, chequers_jeans
D:6:      layout_basic, lemuel_round_altar, minmay_temple_entry_wispy,
          hellmonk_ghost_happy_afterlife, uniq_menkaure
D:7:      layout_gridville, palyth_temple_overflow_mages, dk_yredelemnul_ordeal,
          serial_shops, shop
D:8:      layout_loops_corners, enter_bailey_3
Temple:   chequers_temple_sunken
Bailey:   bailey_polearm_vampire_castle_hellmonk, bailey

Skill      XL: |  1  2  3  4  5  6  7  8  9 |
---------------+----------------------------+-----
Shields        | 3 4 5 6 |  6.2
Fighting       | 3 4 5 6 |  6.5
Dodging        | 3 4 5 6 |  6.6
Unarmed Combat | 3 4 5 6 |  6.4
Maces & Flails | 4 |  4.7

Action                   |  1- 3 |  4- 6 |  7- 9 | 10-12 || total
-------------------------+-------+-------+-------+-------++-------
Melee: Unarmed           |    96 |   113 |   155 |       ||   364
       Whip              |       |       |   347 |    64 ||   411
Throw: Throwing net      |       |     1 |       |       ||     1
Invok: Heroism           |       |       |       |     1 ||     1
  Use: Potion            |       |     1 |       |     1 ||     2
       Scroll            |       |       |     4 |     9 ||    13
 Stab: Sleeping          |     1 |     1 |     3 |     1 ||     6
Armor: Robe              |    22 |    51 |   149 |    16 ||   238
Dodge: Dodged            |    38 |    67 |   263 |    32 ||   400
Block: Kite shield       |    35 |    48 |   220 |    32 ||   335
